 Dungeon Crawl Stone Soup version 0.20-a0-1124-g2e29d97 (webtiles) character file.

2209 esteth the Insei (level 9, -3/48 HPs)
             Began as a Vine Stalker Monk on May 15, 2017.
             Was a Priest of Ashenzari.
             Killed from afar by a gargoyle (10 damage)
             ... with a stone arrow
             ... on level 8 of the Dungeon.
             The game lasted 00:21:48 (7286 turns).

esteth the Insei (Vine Stalker Monk)                Turns: 7286, Time: 00:21:49

Health: -3/48      AC: 13    Str: 16    XL:     9   Next: 35%
Magic:  0/10       EV: 10    Int: 10    God:    Ashenzari [***...]
Gold:   411        SH:  0    Dex: 18    Spells: 8/8 levels left

rFire    . . .     SeeInvis +     - Unarmed
rCold    . . .     Gourm    .   (no shield)
rNeg     . . .     Faith    .   m - +0 chain mail (curse)
rPois    .         Spirit   +   (no helmet)
rElec    .         Reflect  .   f - +0 cloak
rCorr    .         Harm     .   (no gloves)
MR       +....                  l - +2 pair of boots (curse)
Stlth    ..........             g - amulet of magic regeneration
Regen    0.6/turn               (no ring)
MPRegen  0.2/turn               (no ring)

@: about to teleport
A: fangs 3, regeneration 1, magic shield, antimagic bite, no potion heal 3, rot
immunity
a: Curse Item, Scrying, Renounce Religion


You were on level 8 of the Dungeon.
You worshipped Ashenzari.
Ashenzari was most pleased with you.
You were hungry.

You visited 2 branches of the dungeon, and saw 9 of its levels.

You collected 411 gold pieces.

Inventory:

Armour
 a - a +0 robe
 f - a +0 cloak (worn)
 l - a cursed +2 pair of boots (worn)
 m - a cursed +0 chain mail (worn)
 z - a +0 shield
Jewellery
 g - an amulet of magic regeneration (around neck)
 v - an uncursed amulet of rage
Wands
 o - a wand of paralysis (15/24)
Scrolls
 e - 2 scrolls of recharging
 h - 6 scrolls of identify
 i - a scroll of enchant armour {unknown}
 k - 3 scrolls of amnesia
 n - 6 scrolls of teleportation
 p - a scroll of enchant weapon {unknown}
 t - a scroll of fear
 u - 5 scrolls of remove curse
 w - a scroll of magic mapping {unknown}
 x - 2 scrolls of fog {unknown}
 y - a scroll of immolation {unknown}
Potions
 c - 2 potions of heal wounds
 q - 3 potions of curing {unknown}
 r - a potion of invisibility {unknown}
 s - a potion of brilliance {unknown}
Comestibles
 b - 5 bread rations
 d - 8 meat rations
 j - a royal jelly


   Skills:
 - Level 6.2 Fighting
 - Level 4.2 Armour
 + Level 5.8 Dodging
 - Level 2.4 Stealth
 - Level 7.1 Unarmed Combat


You had 8 spell levels left.
You didn't know any spells.

Dungeon Overview and Level Annotations

Branches:
Dungeon (8/15)             Temple (1/1) D:5
   Lair: D:8-11

Altars:
Ashenzari
Dithmenos
Fedhas
Gozag
Trog
Uskayaw
Vehumet

Shops:
D:5 :

Annotations:
D:7 1 runed door


Innate Abilities, Weirdness & Mutations

You have razor-sharp teeth.
Your natural rate of healing is unusually fast.
When hurt, damage is shared between your health and your magic reserves.
Your bite disrupts and absorbs the magic of your enemies.
Potions cannot restore your health.
You are immune to rotting.


Message History

You hit the gargoyle but do no damage.
You bite the gargoyle, but do no damage.
The gargoyle is heavily damaged.
The gargoyle hits you with a flail!
You are too injured to fight recklessly!
The gargoyle hurls a stone arrow at you.
The stone arrow hits you!
* * * LOW HITPOINT WARNING * * *
Okay, then.
Okay, then.
Okay, then.
As you read the scroll of fear, it crumbles to dust.
You assume a fearsome visage.
The gargoyle is unaffected.
Evoke which item? (* to show all) (? for menu, Esc to quit)
Okay, then.
As you read the scroll of teleportation, it crumbles to dust.
You feel strangely unstable.
The gargoyle hurls a stone arrow at you.
The stone arrow hits you!
You die...

.....### #.# ###.......#
##... ...... ...##
##....##..####.... ##.....,
.....##.....#.........>.
*##....
####.......#........####
##....,...........#.......##
## .##*
...............#..#####.
...##.,***
#..........##))†.....
#...#.#* #.9.....####.(..###
#....# #.@.#.......(.###
#...# ##..###........#
*#..## ###...##...####(.#
#...####.....##..* ##.## ##
#####............#* *
##..##..
........######...##,,
##....... ##.....## ##..#..
###.....### ####..##
###......###.......#
##..####..................#


You could see a gargoyle.

Vanquished Creatures
  Duvessa (D:7)
  3 orc warriors
  3 ogres
  A black bear (D:7)
  2 phantoms
  5 centaurs
  A big kobold (D:8)
  A bullfrog (D:5)
  Dowan (D:7)
  A scorpion (D:7)
  A crimson imp (D:5)
  A bullfrog zombie (D:6)
  A hound (D:4)
  An iguana (D:4)
  An orc priest (D:6)
  3 orc wizards
  4 worker ants
  A hound skeleton (D:5)
  A worker ant zombie (D:6)
  11 gnolls
  8 adders
  2 shadow imps
  An adder skeleton (D:4)
  2 adder zombies
  2 worms (D:2)
  3 dart slugs
  5 leopard geckos
  12 orcs
  10 bats
  6 giant cockroaches
  6 goblins
  12 hobgoblins
  2 jackals (D:6)
  2 quokkas
  7 frilled lizards
  10 kobolds
  A quokka skeleton (D:5)
  6 rats
141 creatures vanquished.

Vanquished Creatures (others)
  An orc (D:5)
1 creature vanquished.

Grand Total: 142 creatures vanquished

Notes
Turn   | Place    | Note
-------+----------+-------------------------------------------
     0 | D:1      | esteth the Vine Stalker Monk began the quest for the Orb.
     0 | D:1      | Reached XP level 1. HP: 11/11 MP: 2/2
   292 | D:1      | Reached XP level 2. HP: 2/16 MP: 0/3
  1016 | D:1      | Reached skill level 4 in Unarmed Combat
  1286 | D:1      | Reached XP level 3. HP: 17/19 MP: 4/4
  1954 | D:2      | Found a bloodstained altar of Trog.
  2435 | D:2      | Gained mutation: Your natural rate of healing is unusually fast. [Vine Stalker growth]
  2435 | D:2      | Reached XP level 4. HP: 23/23 MP: 5/5
  2494 | D:2      | Reached skill level 5 in Unarmed Combat
  3110 | D:3      | Reached XP level 5. HP: 26/27 MP: 4/6
  3470 | D:4      | Noticed an orc warrior
  3563 | D:4      | Reached skill level 6 in Unarmed Combat
  3740 | D:4      | Noticed a centaur
  3758 | D:4      | Killed a centaur
  3758 | D:4      | Reached XP level 6. HP: 20/32 MP: 5/7
  3765 | D:4      | Reached skill level 7 in Unarmed Combat
  4209 | D:3      | Killed an orc warrior
  4209 | D:3      | Reached XP level 7. HP: 20/37 MP: 3/8
  4539 | D:5      | Entered Level 5 of the Dungeon
  4630 | D:5      | Found a staircase to the Ecumenical Temple.
  4643 | Temple   | Entered the Ecumenical Temple
  4649 | Temple   | Became a worshipper of Ashenzari the Shackled
  4649 | Temple   | Reached * piety under Ashenzari
  4649 | Temple   | Reached ** piety under Ashenzari
  4709 | D:5      | Reached skill level 5 in Fighting
  5084 | D:5      | Gained mutation: You have razor-sharp teeth. [Vine Stalker growth]
  5084 | D:5      | Reached XP level 8. HP: 15/44 MP: 4/9
  5365 | D:5      | Found Zumyimm's Book Shoppe.
  5477 | D:6      | Reached skill level 1 in Armour
  5785 | D:6      | Found a radiant altar of Vehumet.
  6198 | D:7      | Noticed Duvessa
  6218 | D:7      | Killed Duvessa
  6218 | D:7      | Reached XP level 9. HP: 41/48 MP: 10/10
  6232 | D:7      | Noticed Dowan
  6246 | D:7      | Killed Dowan
  6266 | D:7      | Found a runed door.
  6575 | D:7      | Reached skill level 5 in Dodging
  6637 | D:7      | Found a shadowy altar of Dithmenos.
  7010 | D:8      | Reached *** piety under Ashenzari
  7278 | D:8      | Noticed a gargoyle
  7286 | D:8      | Killed from afar by a gargoyle

Vault maps used:
D:1:      scummos_arrival_simple_crosswalls
D:2:      lemuel_crystal_altar, first_bread
D:3:      kennysheep_generic_room_7
D:5:      minmay_temple_entry_glassed_door, serial_shops, shop, st_stairs_7
D:6:      lemuel_ice_spiral_2, vehumet_crystals
D:7:      grunt_dithmenos_shadows, uniq_duvessa, uniq_crazy_yiuf_cottage
Temple:   zaba_magenta_temple

Skill      XL: |  1  2  3  4  5  6  7  8  9 |
---------------+----------------------------+-----
Unarmed Combat | 4 5 6 7 |  7.1
Fighting       | 3 6 |  6.2
Armour         | 4 |  4.2
Dodging        | 4 5 |  5.8
Stealth        | |  2.4

Action                   |  1- 3 |  4- 6 |  7- 9 || total
-------------------------+-------+-------+-------++-------
Melee: Unarmed           |   131 |   165 |   286 ||   582
       Bite              |    34 |    49 |   101 ||   184
       Punch             |     2 |     1 |     8 ||    11
Invok: Curse Item        |       |       |     2 ||     2
  Use: Scroll            |     1 |     5 |     2 ||     8
 Stab: Sleeping          |     6 |       |       ||     6
  Eat: Chunk             |     5 |     5 |    10 ||    20
Armor: Robe              |    18 |       |       ||    18
       Chain mail        |    10 |   105 |   155 ||   270
Dodge: Dodged            |    73 |    56 |    90 ||   219
